 Dungeon Crawl Stone Soup version 0.21.1-1-g345015f (webtiles) character file.

84 Kairos the Charmwright (level 4, -3/33 HPs)
             Began as a Human Skald on Mar 24, 2018.
             Slain by a crimson imp (4 damage)
             ... on level 2 of the Dungeon.
             The game lasted 00:03:11 (1280 turns).

Kairos the Charmwright (Human Skald)                Turns: 1280, Time: 00:03:11

Health: -3/33      AC:  3    Str: 13    XL:     4   Next: 72%
Magic:  1/7        EV: 12    Int: 13    God:
Gold:   88         SH:  0    Dex: 12    Spells: 4/7 levels left

rFire    . . .     SeeInvis .   a - +1 mace
rCold    . . .     Gourm    .   (no shield)
rNeg     . . .     Faith    .   b - +0 leather armour
rPois    .         Spirit   .   (no helmet)
rElec    .         Reflect  .   (no cloak)
rCorr    .         Harm     .   (no gloves)
MR       .....                  (no boots)
Stlth    +.........             (no amulet)
HPRegen  0.11/turn              (no ring)
MPRegen  0.10/turn              (no ring)

@: infused (expiring)
A: no striking features
a: no special abilities


You were on level 2 of the Dungeon.
You were hungry.

You visited 1 branch of the dungeon, and saw 2 of its levels.

You collected 88 gold pieces.

Inventory:

Hand Weapons
 a - a +1 mace (weapon)
Armour
 b - a +0 leather armour (worn)
Jewellery
 l - an uncursed ring of protection from magic {unknown}
 m - an uncursed ring of protection from cold {unknown}
Scrolls
 g - a scroll of enchant weapon
 h - a scroll of magic mapping
 i - 5 scrolls of teleportation
 k - a scroll of identify {unknown}
Potions
 e - a potion of lignification {unknown}
 f - a potion of curing
 j - a potion of haste {unknown}
Books
 c - a book of Battle

   Spells                             Type                      Level
   a - Infusion                       Charms                       1
   b - Shroud of Golubria             Charms/Translocation         2
   c - Song of Slaying                Charms                       2
   d - Spectral Weapon                Hexes/Charms                 3
   e - Regeneration                   Charms/Necromancy            3
Comestibles
 d - a ration
 n - a chunk of flesh


   Skills:
 + Level 2.2 Fighting
 + Level 3.1 Maces & Flails
 + Level 1.2 Armour
 + Level 2.6 Dodging
 + Level 0.1 Stealth
 + Level 2.2 Spellcasting
 + Level 3.6 Charms


You had 4 spell levels left.
You knew the following spells:

 Your Spells              Type           Power        Failure   Level  Hunger
a - Infusion              Chrm           ##..         7%          1    ##.....
b - Song of Slaying       Chrm           ##......     11%         2    ###....


Dungeon Overview and Level Annotations

Branches:
Dungeon (2/15)

Altars:
Okawaru
Trog


Message History

You hit the goblin.
You kill the goblin!
You closely miss the crimson imp.
The crimson imp hits you but does no damage. x2
You barely miss the crimson imp. The crimson imp hits you.
* * * LOW HITPOINT WARNING * * *
It was a potion of curing.
You feel better.
Your magical infusion is running out.
The crimson imp hits you.
* * * LOW HITPOINT WARNING * * *
Okay, then.
You closely miss the crimson imp. The crimson imp hits you.
* * * LOW HITPOINT WARNING * * *
You completely miss the crimson imp. The crimson imp barely misses you.
You hit the crimson imp.
The crimson imp is moderately wounded.
The crimson imp hits you.
* * * LOW HITPOINT WARNING * * *
The crimson imp hits you.
You die...

........#####......########
#.... ........# #......'..#
#.... ........# #......##.#
##### .#......#####.##...##.#
.#............##...##.#####
......).......##...##.....#
..........#(..#######.....#
..........#...####........#
..........#.....@5........#
.#..#.....#..#####........#
.......##.#..# #........# #
+##....##.#..#####........# #
............)...##....#########
.
.......###..†.....##...........
. ..####.#
#........##.#......###
.......###................./#
...............(.....#.#.....#


You could see a crimson imp.

Vanquished Creatures
  3 adders (D:2)
  A worm (D:2)
  A dart slug (D:1)
  3 leopard geckos (D:2)
  7 bats
  5 giant cockroaches
  12 goblins
  5 hobgoblins
  A ball python (D:1)
  A frilled lizard (D:1)
  4 kobolds (D:1)
  2 rats (D:1)
45 creatures vanquished.

Notes
Turn   | Place    | Note
-------+----------+-------------------------------------------
     0 | D:1      | Kairos the Human Skald began the quest for the Orb.
     0 | D:1      | Reached XP level 1. HP: 16/16 MP: 3/3
    58 | D:1      | Reached XP level 2. HP: 15/22 MP: 1/5
   254 | D:1      | Reached XP level 3. HP: 20/27 MP: 6/6
   933 | D:2      | Learned a level 2 spell: Song of Slaying
   968 | D:2      | Reached XP level 4. HP: 30/33 MP: 7/7
   993 | D:2      | Found a bloodstained altar of Trog.
   993 | D:2      | Found an iron altar of Okawaru.
  1276 | D:2      | HP: 1/33 [crimson imp (2)]
  1280 | D:2      | Slain by a crimson imp

Skill      XL: |  1  2  3  4 |
---------------+-------------+-----
Maces & Flails | 3 |  3.1
Fighting       | |  2.2
Armour         | |  1.2
Dodging        | |  2.6
Stealth        | |  0.1
Spellcasting   | |  2.2
Charms         | |  3.6

Action                   |  1- 3 |  4- 6 || total
-------------------------+-------+-------++-------
Melee: Mace              |    87 |    41 ||   128
 Cast: Infusion          |     5 |     2 ||     7
  Use: Scroll            |     4 |       ||     4
       Potion            |       |     1 ||     1
 Stab: Sleeping          |     1 |       ||     1
  Eat: Chunk             |       |     1 ||     1
Armor: Leather armour    |    31 |    15 ||    46
Dodge: Dodged            |    65 |    48 ||   113
